 Dungeon Crawl Stone Soup version 0.19-a0-1837-gdfe47cf (webtiles) character file.

15595 JeffiDaFish the Covert (level 12, -1/92 HPs)
             Began as a Vampire Enchanter on Oct 8, 2016.
             Was a High Priest of Dithmenos.
             Slain by a sun demon (12 damage)
             ... summoned by an orc high priest
             ... on level 2 of the Orcish Mines.
             The game lasted 01:11:53 (11802 turns).

JeffiDaFish the Covert (Vampire Enchanter)         Turns: 11802, Time: 01:11:55

Health: -1/92      AC: 14    Str: 11    XL:     12   Next: 2%
Magic:  15/21      EV: 17    Int: 18    God:    Dithmenos [*****.]
Gold:   1691       SH:  0    Dex: 15    Spells: 9 memorised, 3 levels left

rFire  . . .     SeeInvis +     p - +4 Vampire's Tooth {vamp}
rCold  . . .     Gourm    .     b - +2 robe
rNeg   + . .     Faith    .     (no shield)
rPois  .         Spirit   .     f - +2 hat
rElec  .         Dismiss  .     (no cloak)
rCorr  .         Reflect  .     D - +2 pair of gloves
MR     +....     Harm     .     (no boots)
Stlth  +++++++++.               h - amulet of regeneration
                                y - ring of stealth
                                e - +5 ring of protection

@: wreathed by umbra
A: fangs 3, see invisible, unbreathing
a: Bat Form, Shadow Step, Shadow Form, Renounce Religion


You were on level 2 of the Orcish Mines.
You worshipped Dithmenos.
Dithmenos was extremely pleased with you.
You were not thirsty.

You visited 3 branches of the dungeon, and saw 13 of its levels.

You collected 1788 gold pieces.
You spent 97 gold pieces at shops.

Inventory:

Hand Weapons
 p - the +4 Vampire's Tooth (weapon) {vamp}
   (You found it on level 4 of the Dungeon)

   It inflicts no extra harm, but heals its wielder when it wounds a living foe.
Armour
 b - a +2 robe (worn)
 f - a +2 hat (worn)
 v - a +1 pair of gloves
 D - a +2 pair of gloves (worn)
 H - a troll hide
Jewellery
 e - a +5 ring of protection (left hand)
 h - an amulet of regeneration (around neck)
 i - an uncursed ring of protection from fire
 y - a ring of stealth (right hand)
Wands
 A - a wand of heal wounds (4/9)
Scrolls
 g - 6 scrolls of remove curse
 o - 3 scrolls of recharging
 t - 3 scrolls of magic mapping
 w - 7 scrolls of identify
 B - a scroll of enchant weapon
 C - a scroll of fog {unknown}
 E - 2 scrolls of teleportation
 F - 2 scrolls of holy word
 G - a scroll of enchant armour
Potions
 d - 39 potions of blood
 j - 3 potions of heal wounds
 k - 2 potions of curing
 l - a potion of magic
 n - a potion of might
 q - a potion of berserk rage
 u - a potion of brilliance
 x - 2 potions of agility
Books
 c - a book of Maledictions

   Spells                             Type                      Level
   a - Corona                         Hexes                        1
   b - Ensorcelled Hibernation        Hexes/Ice                    2
   c - Confuse                        Hexes                        3
   d - Tukima's Dance                 Hexes                        3
   e - Dazzling Spray                 Conjuration/Hexes            3
 m - a book of Cantrips

   Spells                             Type                      Level
   a - Confusing Touch                Hexes                        1
   b - Animate Skeleton               Necromancy                   1
   c - Summon Small Mammal            Summoning                    1
   d - Apportation                    Translocation                1
 r - a book of Misfortune

   Spells                             Type                      Level
   a - Confusing Touch                Hexes                        1
   b - Confuse                        Hexes                        3
   c - Gell's Gravitas                Hexes/Translocation          3
   d - Petrify                        Transmutation/Earth          4
   e - Metabolic Englaciation         Hexes/Ice                    5
   f - Yara's Violent Unravelling     Hexes/Transmutation          5
Miscellaneous
 a - a disc of storms


   Skills:
 * Level 7.7 Fighting
 + Level 8.1 Short Blades
 + Level 7.5 Dodging
 + Level 11.4 Stealth
 + Level 6.2 Spellcasting
 + Level 10.0 Hexes
 + Level 4.8 Necromancy
 + Level 5.0 Translocations
 + Level 5.5 Ice Magic


You had 3 spell levels left.
You knew the following spells:

 Your Spells              Type           Power        Failure   Level  Hunger
a - Corona                Hex            #####..      1%          1    None
b - Ensorcelled Hibernat  Hex/Ice        ####..       1%          2    None
c - Confuse               Hex            #####...     1%          3    ##.....
d - Confusing Touch       Hex            #####.       1%          1    None
e - Gell's Gravitas       Hex/Tloc       ####......   1%          3    ##.....
f - Animate Skeleton      Necr           N/A          1%          1    None
g - Apportation           Tloc           ###.......   1%          1    None
h - Dazzling Spray        Conj/Hex       ###...       4%          3    ##.....
i - Metabolic Englaciati  Hex/Ice        ####......   17%         5    #####..


Dungeon Overview and Level Annotations

Branches:
Dungeon (10/15)            Temple (1/1) D:7             Orc (2/2) D:10
    Elf (0/3) Orc:2
   Lair: D:8-11

Altars:
Ashenzari
Dithmenos
Elyvilon
Hepliaklqana
Nemelex Xobeh
Qazlal
Ru
Trog
Uskayaw
Vehumet
Xom
Yredelemnul
Zin

Shops:
D:6 ?*   D:7 *


Innate Abilities, Weirdness & Mutations

You have razor-sharp teeth.
You have supernaturally acute eyesight. (SInv)
You can survive without breathing.


Message History

Aiming: Confuse
Press: ? - help, Shift-Dir - straight line, f - orc high priest
Aim: an orc high priest, wielding a halberd (lightly wounded, umbra, chance to defeat MR: 32%)
The orc high priest appears confused.
Your shadow mimicks your spell!
The orc high priest resists with almost no effort.
The sun demon misses you. The sun demon hits you.
You are engulfed in flames!
The sun demon hits you.
You are engulfed in flames!
Things that are here:
a trident; a chain mail; an orc corpse The orc high priest hits you with a halberd.
The sun demon barely misses you.
You hit the orc high priest.
The orc high priest is lightly wounded.
The orc high priest hits you with a halberd!
* * * LOW HITPOINT WARNING * * *
The sun demon hits you!
* * * LOW HITPOINT WARNING * * *
You are engulfed in flames!
You die...

#.#....##...[....................
........#.[<..............#......
#...........).)..........#...[...
###..#....#.......[.[.....#.[....
###..#.#.##.....##...........#))
##.....#...#...###....[.[......<.
#.....###.#...##....).........)..
##...## ####.##..3.[[............
#...# ###.##.o@).#####.........
##.## ##.#.#....### #.....#.....
### #....#...## ####........
##....#.[o## ####.....
#.....##...# #.....
##.....#......o.÷o ##....
###.....##....oo§.. #....
##.......###.....oo÷ #....
#....##....#..o..... ##....


You could see an orc high priest (confused), a sun demon and an orc wizard.

Vanquished Creatures
  An ogre mage (Orc:2)
  A hydra (D:10)
  An orc high priest (Orc:2)
  2 orc knights
  A hill giant (D:10)
  An orc sorcerer (Orc:2)
  A komodo dragon (D:10)
  4 trolls
  Prince Ribbit (D:6)
  4 slime creatures (D:10)
  Grinder (D:4)
  2 hippogriffs (D:10)
  Sigmund (D:6)
  6 yaks (D:10)
  Eustachio (D:4)
  A steam dragon (D:9)
  Menkaure (D:7)
  A water moccasin (D:8)
  5 ice beasts
  2 sky beasts (D:7)
  16 orc warriors
  A hornet zombie (D:7)
  2 phantoms (D:10)
  2 black bears
  19 ogres
  3 centaurs
  3 big kobolds
  Blork the orc (D:6)
  4 bullfrogs
  2 scorpions
  2 wights (D:10)
  5 howler monkeys
  2 vampire bats (D:4)
  4 jellies
  A centaur zombie (D:5)
  2 crimson imps
  A hound (D:10)
  2 bullfrog zombies
  A quasit (D:7)
  A bullfrog skeleton (D:8)
  A gnoll shaman (D:7)
  14 orc priests
  2 centaur skeletons
  14 orc wizards
  Crazy Yiuf (D:4)
  5 iguanas
  6 worker ants
  A hound skeleton (D:7)
  A worker ant zombie (D:8)
  7 gnolls
  15 adders
  3 shadow imps
  A worm (D:2)
  2 adder skeletons (D:4)
  4 dart slugs
  8 leopard geckos
  46 orcs
  15 bats
  5 giant cockroaches
  8 goblins
  7 hobgoblins
  3 jackals
  A quokka (D:6)
  5 frilled lizards
  2 gnoll zombies (D:8)
  24 kobolds
  A leopard gecko skeleton (D:4)
  6 rats
320 creatures vanquished.

Vanquished Creatures (collateral kills)
  An orc sorcerer (Orc:1)
  An ogre (Orc:1)
  3 orc wizards (Orc:1)
  A hound skeleton (D:10)
  4 orcs (Orc:1)
10 creatures vanquished.

Vanquished Creatures (others)
  An orc wizard (Orc:2)
  A quokka (D:3)
2 creatures vanquished.

Grand Total: 332 creatures vanquished

Notes
Turn   | Place    | Note
-------+----------+-------------------------------------------
     0 | D:1      | JeffiDaFish the Vampire Enchanter began the quest for the Orb.
     0 | D:1      | Reached XP level 1. HP: 13/13 MP: 3/3
   435 | D:1      | Reached XP level 2. HP: 16/19 MP: 5/5
   443 | D:1      | Learned a level 2 spell: Ensorcelled Hibernation
  1017 | D:1      | Reached skill level 5 in Stealth
  1017 | D:1      | Reached XP level 3. HP: 20/24 MP: 6/6
  1131 | D:2      | Reached skill level 5 in Hexes
  1272 | D:2      | Found a faded altar of an unknown god.
  1515 | D:2      | Reached XP level 4. HP: 31/31 MP: 4/7
  1876 | D:2      | Found a hide-covered altar of Uskayaw.
  2042 | D:2      | Reached skill level 1 in Fighting
  2278 | D:3      | Found a sacrificial altar of Ru.
  2464 | D:3      | Found a radiant altar of Vehumet.
  2506 | D:3      | Reached XP level 5. HP: 30/37 MP: 2/8
  2733 | D:3      | Reached skill level 6 in Stealth
  2754 | D:3      | Learned a level 3 spell: Confuse
  2780 | D:3      | Found a white marble altar of Elyvilon.
  3176 | D:4      | Noticed Eustachio
  3207 | D:4      | Killed Eustachio
  3207 | D:4      | Reached XP level 6. HP: 43/43 MP: 1/10
  3301 | D:4      | Noticed Grinder
  3321 | D:4      | Paralysed by Grinder for 3 turns
  3327 | D:4      | Killed Grinder
  3327 | D:4      | Reached XP level 7. HP: 44/48 MP: 11/11
  3498 | D:4      | Reached skill level 7 in Stealth
  3752 | D:4      | Found a runed door.
  3810 | D:4      | Noticed Crazy Yiuf
  3814 | D:4      | Killed Crazy Yiuf
  3814 | D:4      | Reached skill level 5 in Short Blades
  3861 | D:4      | Learned a level 1 spell: Confusing Touch
  3865 | D:4      | Learned a level 3 spell: Gell's Gravitas
  3967 | D:5      | Entered Level 5 of the Dungeon
  3988 | D:5      | Reached skill level 1 in Ice Magic
  4072 | D:5      | Found a hazy altar of Hepliaklqana.
  4165 | D:5      | Reached skill level 1 in Translocations
  4255 | D:5      | Found a bloodstained altar of Trog.
  4270 | D:5      | Reached XP level 8. HP: 56/56 MP: 12/12
  4655 | D:6      | Reached skill level 8 in Stealth
  4697 | D:6      | Noticed Sigmund
  4699 | D:6      | Killed Sigmund
  4898 | D:6      | Noticed Blork the orc
  4905 | D:6      | Killed Blork the orc
  4925 | D:6      | Noticed Prince Ribbit
  4932 | D:6      | Killed Prince Ribbit
  4932 | D:6      | Reached skill level 5 in Dodging
  5050 | D:6      | Found Nypnutt's General Store.
  5072 | D:6      | Found Opaaloi's Magic Scroll Shoppe.
  5087 | D:6      | Bought a scroll of enchant weapon for 97 gold pieces
  5337 | D:7      | Noticed Menkaure
  5343 | D:7      | Killed Menkaure
  5343 | D:7      | Reached XP level 9. HP: 65/65 MP: 14/14
  5427 | D:7      | Found Adihot's Alliterative Accessories.
  5479 | D:7      | Found a staircase to the Ecumenical Temple.
  5492 | Temple   | Entered the Ecumenical Temple
  5501 | Temple   | Became a worshipper of Dithmenos the Shadowed
  5568 | D:7      | Found a shadowy altar of Dithmenos.
  5682 | D:7      | Learned a level 1 spell: Animate Skeleton
  5933 | D:7      | Reached * piety under Dithmenos
  5981 | D:7      | Reached skill level 9 in Stealth
  6047 | D:7      | Found a shimmering altar of Xom.
  6134 | D:7      | Reached skill level 1 in Necromancy
  6428 | D:8      | Found a basalt altar of Yredelemnul.
  6549 | D:8      | Found a shattered altar of Ashenzari.
  6721 | D:8      | Reached skill level 5 in Fighting
  6935 | D:8      | Found a glowing silver altar of Zin.
  6956 | D:8      | Learned a level 1 spell: Apportation
  7082 | D:9      | Reached ** piety under Dithmenos
  7155 | D:9      | Reached XP level 10. HP: 74/74 MP: 16/16
  7453 | D:9      | Found a sparkling altar of Nemelex Xobeh.
  7781 | D:10     | Entered Level 10 of the Dungeon
  7987 | D:10     | Found a staircase to the Orcish Mines.
  8160 | D:10     | Reached skill level 5 in Spellcasting
  8183 | D:10     | Noticed a seven-headed hydra
  8189 | D:10     | Reached *** piety under Dithmenos
  8339 | D:10     | Killed a seven-headed hydra
  8339 | D:10     | Reached skill level 10 in Stealth
  8683 | D:10     | Reached XP level 11. HP: 81/81 MP: 7/19
  9233 | D:10     | Noticed a hill giant
  9238 | D:10     | Killed a hill giant
  9373 | Orc:1    | Entered Level 1 of the Orcish Mines
  9506 | D:10     | Learned a level 3 spell: Dazzling Spray
  9512 | D:10     | Learned a level 5 spell: Metabolic Englaciation
  9723 | Orc:1    | Reached **** piety under Dithmenos
  9825 | Orc:2    | Entered Level 2 of the Orcish Mines
  9825 | Orc:2    | Found a staircase to the Elven Halls.
  9874 | Orc:2    | Noticed an orc knight
 10148 | Orc:2    | Noticed an orc sorcerer
 10175 | Orc:1    | Killed an orc knight
 10175 | Orc:1    | Reached skill level 5 in Ice Magic
 10359 | Orc:1    | Killed an orc sorcerer
 10466 | Orc:2    | Noticed an orc high priest
 10472 | Orc:2    | Noticed an orc knight
 10475 | Orc:2    | Noticed an orc high priest
 10475 | Orc:2    | Noticed an orc sorcerer
 10476 | Orc:2    | Killed an orc knight
 10506 | Orc:2    | Reached skill level 11 in Stealth
 10558 | Orc:2    | Noticed an orc sorcerer
 10600 | Orc:2    | Killed an orc sorcerer
 10761 | Orc:2    | Gained mutation: Your body sometimes deteriorates upon taking damage. [a neqoxec]
 10794 | Orc:2    | Noticed an orc high priest
 10845 | Orc:2    | Noticed a sun demon
 10845 | Orc:2    | Noticed a soul eater
 10851 | Orc:2    | Killed an orc high priest
 10878 | Orc:1    | Reached ***** piety under Dithmenos
 11211 | Orc:1    | Lost mutation: Your body sometimes deteriorates upon taking damage. [potion of cure mutation]
 11448 | Orc:2    | Reached skill level 5 in Translocations
 11470 | Orc:2    | Noticed an ogre mage
 11475 | Orc:2    | Killed an ogre mage
 11475 | Orc:2    | Reached skill level 10 in Hexes
 11538 | Orc:2    | Reached XP level 12. HP: 69/92 MP: 14/21
 11802 | Orc:2    | Slain by a sun demon

Vault maps used:
D:1:      ncdulo_lavacross
D:2:      lemuel_crystal_altar, ecumenical_altar_2, supply_closet_lemuel,
          minmay_joined_circles
D:3:      vehumet_crystals, nicolae_overflow_crystal_walls, elyvilon_altar_4
D:4:      minmay_guarded_unrand_vampires_tooth, uniq_eustachio,
          uniq_crazy_yiuf_cottage, uniq_grinder
D:5:      kennysheep_little_box, lemuel_coloured_pillars_altar, first_bread
D:6:      serial_shops, nicolae_shop_behind_doors, nicolae_shop_stone,
          uniq_prince_ribbit1, uniq_blork_the_orc, uniq_sigmund
D:7:      kennysheep_mini, basic_altar, nicolae_alphabet_shops, uniq_menkaure
D:8:      ashenzari_altar_1, zin_treasury, lemuel_zombie_altar_yredelemnul
D:9:      nemelex_altar_shiori
D:10:     minmay_imperfect_grid
Temple:   dpeg_chambers_temple
Orc:2:    grunt_orc_tribal_feast, mines4_lemuel

Skill      XL: |  1  2  3  4  5  6  7  8  9 10 11 |
---------------+----------------------------------+-----
Stealth        | 5 6 7 8 9 10 11 | 11.4
Hexes          | 5 6 7 8 10 | 10.0
Short Blades   | 2 3 4 5 6 7 8 |  8.1
Fighting       | 1 2 3 5 6 7 |  7.7
Dodging        | 3 4 5 6 7 |  7.5
Spellcasting   | 3 4 5 6 |  6.2
Ice Magic      | 1 2 3 4 5 |  5.5
Translocations | 1 3 4 5 |  5.0
Necromancy     | 2 3 4 |  4.8

Action                   |  1- 3 |  4- 6 |  7- 9 | 10-12 || total
-------------------------+-------+-------+-------+-------++-------
Melee: Dagger            |   169 |   222 |   321 |   680 ||  1392
       Bite              |     9 |    16 |    30 |    71 ||   126
 Cast: Ensorcelled Hiber |     4 |    12 |    10 |    60 ||    86
       Confuse           |       |     5 |    19 |    43 ||    67
       Animate Skeleton  |       |       |     5 |    14 ||    19
       Confusing Touch   |       |       |     4 |     3 ||     7
       Dazzling Spray    |       |       |       |     4 ||     4
       Gell's Gravitas   |       |       |       |     2 ||     2
 Abil: End Transformatio |       |       |       |     4 ||     4
       Bat Form          |       |       |       |     4 ||     4
  Use: Potion            |     7 |    10 |    15 |    19 ||    51
       Scroll            |     6 |     4 |     4 |     4 ||    18
 Stab: Sleeping          |     9 |    10 |    52 |    50 ||   121
       Distracted        |       |     1 |       |     2 ||     3
       Confused          |       |     2 |    13 |    15 ||    30
       Invisible         |       |       |       |     5 ||     5
Armor: Robe              |    48 |    83 |    58 |   136 ||   325
Dodge: Dodged            |    86 |   151 |   140 |   483 ||   860
